 Dungeon Crawl Stone Soup version 0.20-a0-522-g0b37eee (console) character file.

990 Lahna the Skirmisher (level 7, 0/72 HPs)
             Began as a Minotaur Gladiator on Jan 25, 2017.
             Was an Initiate of Trog.
             Slain by Lahna's ghost (1 damage)
             ... on level 5 of the Dungeon.
             The game lasted 00:08:53 (3089 turns).

Lahna the Skirmisher (Minotaur Gladiator)           Turns: 3089, Time: 00:08:53

Health: 0/72       AC:  5    Str: 18    XL:     7   Next: 98%
Magic:  6/6        EV: 14    Int:  5    God:    Trog [......]
Gold:   170        SH:  0    Dex: 14    Spells: 6/6 levels left

rFire    . . .     SeeInvis .   a - +0 quarterstaff
rCold    + . .     Gourm    .   b - +0 leather armour
rNeg     . . .     Faith    .   (shield currently unavailable)
rPois    .         Spirit   .   c - +0 hat
rElec    .         Reflect  .   (no cloak)
rCorr    .         Harm     .   (no gloves)
MR       .....                  q - +0 pair of boots
Stlth    ..........             (no amulet)
Regen    0.3/turn               w - ring of protection from cold
                                p - ring of loudness (curse)

@: no status effects
A: retaliatory headbutt, horns 2, robust 1, shaggy fur 1
a: Burn Spellbooks, Renounce Religion


You were on level 5 of the Dungeon.
You worshipped Trog.
Trog was noncommittal.
You were not hungry.

You visited 2 branches of the dungeon, and saw 6 of its levels.

You collected 170 gold pieces.

Inventory:

Hand Weapons
 a - a +0 quarterstaff (weapon)
 n - a +0 hunting sling
Missiles
 d - a throwing net (quivered)
 e - 22 sling bullets
 g - 2 tomahawks of dispersal
Armour
 b - a +0 leather armour (worn)
 c - a +0 hat (worn)
 q - a +0 pair of boots (worn)
Jewellery
 p - a cursed ring of loudness (left hand)
 w - a ring of protection from cold (right hand)
Wands
 u - a wand of confusion (30/48)
 v - a wand of polymorph (11/24)
Scrolls
 j - a scroll of enchant armour {unknown}
 m - a scroll of teleportation
 r - a scroll of identify
Potions
 k - 2 potions of curing {unknown}
 l - 2 potions of haste
 o - 2 potions of heal wounds
 s - 2 potions of agility
Comestibles
 f - 2 bread rations
 h - 4 royal jellies


   Skills:
 + Level 7.6 Fighting
 + Level 7.3 Staves
 - Level 2.0 Throwing
 - Level 3.0 Armour
 - Level 5.0 Dodging


You had 6 spell levels left.
You didn't know any spells.

Dungeon Overview and Level Annotations

Branches:
Dungeon (5/15)             Temple (1/1) D:4

Altars:
Cheibriados
Dithmenos
Elyvilon
Fedhas
Gozag
Kikubaaqudgha
Nemelex Xobeh
Trog
Uskayaw
Yredelemnul
The Shining One
Lugonu

Annotations:
D:5 Lahna's ghost, novice MiBe


Innate Abilities, Weirdness & Mutations

You reflexively headbutt those who attack you in melee.
You have a pair of horns on your head.
You are robust. (+10% HP)
You are covered in fur. (AC +1)


Message History

* * * LOW HITPOINT WARNING * * *
All of the chunks of flesh in your inventory have rotted away.
You hit Lahna's ghost.
Lahna's ghost is severely damaged.
Lahna's ghost hits you!
* * * LOW HITPOINT WARNING * * *
Lahna's ghost freezes you.
* * * LOW HITPOINT WARNING * * *
You hit Lahna's ghost. You headbutt Lahna's ghost!
Lahna's ghost is almost destroyed.
Lahna's ghost closely misses you. You furiously retaliate!
You headbutt Lahna's ghost. You hit Lahna's ghost but do no damage.
You headbutt Lahna's ghost!
Lahna's ghost is almost destroyed.
Lahna's ghost hits you.
* * * LOW HITPOINT WARNING * * *
You barely miss Lahna's ghost.
Lahna's ghost is almost destroyed.
Lahna's ghost hits you.
You die...

░.....░ ░..(..░
░░░░.....░
........░░...
░..░░..........
░.......░
....).░(░
....░.░W░░░░░░░
.░░ ░.░@).....░
░░░░.░░░░░░░.░
..░....░.......░
.......░.░░....░
░..........░
░..░.░.....░
░.<░.░░....░
░░.░.░░....░
..░.░░....░


You could see Lahna's ghost.

Vanquished Creatures
  A hungry ghost (D:4)
  A sky beast (D:5)
  4 ogres (D:4)
  A water moccasin skeleton (D:3)
  A hound (D:4)
  An orc priest (D:3)
  Jessica (D:3)
  2 iguanas
  2 worker ants (D:4)
  A hound skeleton (D:4)
  A gnoll (D:1)
  6 adders
  2 oozes
  4 worms
  2 dart slugs
  4 leopard geckos
  4 orcs
  9 bats
  6 giant cockroaches
  10 goblins
  6 hobgoblins
  4 jackals (D:1)
  8 kobolds
  2 quokkas
  A ball python (D:4)
  6 frilled lizards
  15 rats
105 creatures vanquished.

Notes
Turn   | Place    | Note
-------+----------+-------------------------------------------
     0 | D:1      | Lahna the Minotaur Gladiator began the quest for the Orb.
     0 | D:1      | Reached XP level 1. HP: 18/18 MP: 0/0
   253 | D:1      | Reached XP level 2. HP: 19/25 MP: 1/1
   563 | D:1      | Reached XP level 3. HP: 29/31 MP: 2/2
   718 | D:1      | Gained mutation: You are covered in fur. (AC +1) [potion of beneficial mutation]
   719 | D:1      | Gained mutation: You are robust. (+10% HP) [potion of beneficial mutation]
   918 | D:2      | Found an opulent altar of Gozag.
   963 | D:2      | Reached XP level 4. HP: 40/41 MP: 3/3
  1191 | D:2      | Found a shadowy altar of Dithmenos.
  1453 | D:3      | Reached XP level 5. HP: 50/50 MP: 4/4
  1513 | D:3      | Noticed Jessica
  1563 | D:3      | Reached skill level 5 in Staves
  1685 | D:3      | Reached skill level 5 in Dodging
  1807 | D:3      | Reached skill level 1 in Armour
  1816 | D:3      | Killed Jessica
  1816 | D:3      | Reached XP level 6. HP: 29/60 MP: 5/5
  2042 | D:4      | Reached skill level 5 in Fighting
  2394 | D:4      | Noticed a hungry ghost
  2417 | D:4      | Killed a hungry ghost
  2417 | D:4      | Reached XP level 7. HP: 48/69 MP: 6/6
  2596 | D:4      | Found a staircase to the Ecumenical Temple.
  2605 | Temple   | Entered the Ecumenical Temple
  2693 | Temple   | Became a worshipper of Trog the Wrathful
  3042 | D:5      | Entered Level 5 of the Dungeon
  3069 | D:5      | Noticed Lahna's ghost (novice MiBe)
  3086 | D:5      | HP: 3/72 [Lahna's ghost (13)]
  3088 | D:5      | HP: 1/72 [Lahna's ghost (1)]
  3089 | D:5      | Slain by Lahna's ghost

Vault maps used:
D:1:      saegor_arrival_under_anarchy, minmay_domino_4
D:2:      nicolae_overflow_crystal_walls, grunt_gozag_breadcrumbs, first_bread
D:3:      uniq_jessica
D:4:      minmay_temple_entry_statues_pillars
D:5:      nicolae_overflow_hidden_temple, kennysheep_mini_moat, uniq_duvessa,
          uniq_prince_ribbit1
Temple:   corrupted_temple

Skill      XL: |  1  2  3  4  5  6  7 |
---------------+----------------------+-----
Staves         | 4 5 7 |  7.3
Fighting       | 3 4 6 7 |  7.6
Dodging        | 4 5 |  5.0
Armour         | 1 3 |  3.0
Throwing       | |  2.0

Action                   |  1- 3 |  4- 6 |  7- 9 || total
-------------------------+-------+-------+-------++-------
Melee: Quarterstaff      |    76 |   122 |    70 ||   268
       Headbutt          |     6 |    20 |    18 ||    44
       Unarmed           |       |     9 |       ||     9
Throw: Throwing net      |     1 |     1 |     3 ||     5
  Use: Scroll            |     2 |     5 |       ||     7
       Potion            |     2 |       |       ||     2
  Eat: Chunk             |       |     5 |       ||     5
       Meat ration       |       |       |     1 ||     1
Armor: Leather armour    |    18 |    30 |     9 ||    57
Dodge: Dodged            |    62 |    72 |    44 ||   178
